 Dungeon Crawl Stone Soup version 0.26.1-2-gb8aa6d0cf2 (webtiles) character file.

Game seed: 9406828852165729745

14820 rel the Covert (level 12, -4/121 HPs)
             Began as a Kobold Berserker on Feb 9, 2021.
             Was a High Priest of Trog.
             Blown up by an orb spider (35 damage)
             ... with an orb of destruction
             ... on level 1 of the Spider Nest on Mar 18, 2021.
             The game lasted 00:54:28 (14589 turns).

rel the Covert (Kobold Berserker)                  Turns: 14589, Time: 00:54:29

Health: -4/121     AC:  9    Str: 20    XL:     12   Next: 50%
Magic:  12/12      EV: 11    Int: 11    God:    Trog [*****.]
Gold:   575        SH:  0    Dex: 20    Spells: 11/11 levels left

rFire    + . .     SeeInvis .   q - +7 pair of quick blades "Gyre" and "Gimble" {protect}
rCold    . . .     Faith    .   (shield currently unavailable)
rNeg     . . .     Spirit   .   r - +0 troll leather armour
rPois    +         Reflect  .   b - +2 helmet
rElec    .         Harm     .   s - +0 cloak
rCorr    .         Rampage  .   c - +0 pair of gloves
Will     .....                  (no boots)
Stlth    ..........             (no amulet)
HPRegen  0.70/turn              (no ring)
MPRegen  0.13/turn              a - ring of Hutt {rPois rF+ Str+4 Dex+5}

@: berserking, attractive, held, very quick
A: small, nightstalker 3
a: Renounce Religion, Berserk, Trog's Hand, Brothers in Arms


You were on level 1 of the Spider Nest.
You worshipped Trog.
Trog was extremely pleased with you.
You visited 4 branches of the dungeon, and saw 12 of its levels.

You collected 575 gold pieces.

Inventory:

Hand Weapons
 q - the +7 pair of quick blades "Gyre" and "Gimble" (weapon) {protect}
   (You found it on level 5 of the Dungeon)

   It grants its wielder temporary protection when it strikes (+7 to AC).
Missiles
 g - a throwing net
 l - 4 boomerangs (quivered)
Armour
 b - a +2 helmet (worn)
 c - a +0 pair of gloves (worn)
 j - a +0 leather armour
 r - a +0 troll leather armour (worn)
 s - a +0 cloak (worn)
 x - a scarf of shadows
 F - a +1 leather armour of cold resistance
 G - a scarf of shadows
 H - the +3 chain mail "Erhek" {rC- rN++, unknown}
   (You found it on level 1 of the Spider Nest)

   It makes you vulnerable to cold.
   It greatly protects you from negative energy.
Jewellery
 a - the ring of Hutt (right hand) {rPois rF+ Str+4 Dex+5}
   (You acquired it on level 7 of the Dungeon)

   [ring of protection from fire]

   It affects your strength (+4).
   It affects your dexterity (+5).
   It protects you from fire.
   It protects you from poison.
 B - an uncursed ring of willpower {unknown}
Wands
 d - a wand of disintegration (16)
 e - a wand of acid (9)
 h - a wand of enslavement (13)
 u - a wand of random effects (19)
 E - a wand of iceblast (10)
Scrolls
 f - 4 scrolls of teleportation
 i - a scroll of amnesia
 k - a scroll of fog
 o - 2 scrolls of enchant weapon
 t - a scroll of fear
 y - a scroll of remove curse
 C - a scroll of random uselessness {unknown}
Potions
 m - 3 potions of lignification
 n - 3 potions of degeneration
 p - 2 potions of mutation {unknown}
 v - 2 potions of cancellation
 w - a potion of brilliance {unknown}
 z - a potion of berserk rage {unknown}
 A - a potion of attraction
 D - a potion of curing


   Skills:
 * Level 11.9 Fighting
 + Level 12.3 Short Blades
 + Level 1.5 Throwing
 - Level 1.7 Armour
 * Level 9.4 Dodging
 * Level 12.7 Stealth
 * Level 5.0 Shields


You had 11 spell levels left.
You didn't know any spells.
Your spell library was empty.

Dungeon Overview and Level Annotations

Branches:
Dungeon (8/15)             Temple (1/1) D:7            Lair (2/6) D:8
 Spider (1/4) Lair:2
  Swamp: Lair:2-4    Shoals: Lair:2-4

Altars:
Ashenzari
Cheibriados
Dithmenos
Elyvilon
Fedhas
Gozag
Hepliaklqana
Kikubaaqudgha
Makhleb
Nemelex Xobeh
Okawaru
Qazlal
Sif Muna
Uskayaw
Vehumet
Wu Jian
Xom
Yredelemnul
Zin
The Shining One

Shops:
D:5 (   D:6 (   D:7 *


Innate Abilities, Weirdness & Mutations

You are small and have problems with some larger weapons.
You are completely attuned to the shadows.


Message History

It was a potion of attraction.
You feel attractive to monsters. The jumping spider pounces on you!
* * * LOW HITPOINT WARNING * * *
You are even more entangled.
The jumping spider bites you but does no damage.
The orb spider spins a strand of pure energy.
The jumping spider pounces on you but does no damage.
The jumping spider misses you. The orb spider is pulled toward you!
What are your orders? t - Shout!
Orders for allies: a - Attack new target. p - Attack previous target. r - Retreat! s - Stop attacking. g - Guard the area. f - Follow me.
Anything else - Cancel.
Okay, then.
A red film seems to cover your vision as you go berserk!
You feel yourself moving faster!
You feel mighty! The orb of destruction hits you!!
You die...

.( ### .. ..#
##.# ...
.....##..##...
......#......#
.............#
.......s#...##
.^#<..@s####
..###s○s.#.
.....○.....
#...........
#.........^#
###........
##..##... ##^#
^.. ###


You could see an orb spider (charged), a jumping spider, a tarantella and a
redback.

Vanquished Creatures
  Gastronok (D:8)
  3 hydras
  5 elephants (Lair:2)
  A wolf spider (Spider:1)
  A demonic crawler (Spider:1)
  A troll (D:8)
  A polar bear (Lair:1)
  3 blink frogs (Lair:1)
  A hornet (D:7)
  21 yaks
  2 basilisks (Lair:1)
  3 water moccasins
  An orc warrior (D:6)
  An ice beast (D:7)
  A sky beast (D:8)
  2 phantoms
  3 ogres
  9 wolves
  A big kobold (D:8)
  11 bullfrogs
  5 scorpions
  7 wights (D:6)
  5 electric eels
  2 howler monkeys (D:7)
  A centaur zombie (D:5)
  A quasit (D:6)
  Crazy Yiuf (D:5)
  A bullfrog skeleton (D:4)
  A jelly (D:6)
  4 orc priests
  5 hounds
  11 orc wizards
  2 iguanas
  Jessica (D:2)
  3 worker ants
  A hound skeleton (D:7)
  4 gnolls (D:4)
  4 adders
  A shadow imp (D:8)
  2 white imps
  5 ufetubi
  2 oozes
  An adder skeleton (D:8)
  3 worms
  10 dart slugs
  7 leopard geckos
  25 orcs
  4 ball pythons
  2 giant cockroaches
  7 hobgoblins
  12 jackals
  4 quokkas
  8 bats
  9 frilled lizards
  5 goblins
  13 kobolds
  2 leopard gecko skeletons
  A quokka skeleton (D:5)
  5 rats
  A spectral orc (D:2)
260 creatures vanquished.

Vanquished Creatures (others)
  A dart slug (D:7)
  A bush (D:6)
  8 fungi (Lair:2)
  20 plants
30 creatures vanquished.

Grand Total: 290 creatures vanquished

Notes
Turn   | Place    | Note
-------+----------+-------------------------------------------
     0 | D:1      | rel the Kobold Berserker began the quest for the Orb.
     0 | D:1      | Reached XP level 1. HP: 14/14 MP: 1/1
   487 | D:1      | Reached XP level 2. HP: 19/19 MP: 2/2
  1108 | D:1      | Reached XP level 3. HP: 15/24 MP: 3/3
  1970 | D:2      | Noticed Jessica
  1976 | D:2      | Killed Jessica
  1977 | D:2      | Reached skill level 1 in Stealth
  1977 | D:2      | Reached XP level 4. HP: 29/29 MP: 4/4
  2141 | D:2      | Reached ** piety under Trog
  2355 | D:2      | Reached skill level 5 in Short Blades
  2538 | D:2      | Found a basalt altar of Yredelemnul.
  2549 | D:2      | Reached XP level 5. HP: 28/32 MP: 5/5
  3586 | D:4      | Found a hide-covered altar of Uskayaw.
  3873 | D:4      | Reached XP level 6. HP: 39/39 MP: 6/6
  3963 | D:4      | Noticed an ogre
  3971 | D:4      | Killed an ogre
  3995 | D:4      | Found a shimmering altar of Xom.
  4081 | D:4      | Reached *** piety under Trog
  4082 | D:4      | Reached skill level 5 in Fighting
  4623 | D:4      | Noticed a phantom
  4667 | D:4      | Killed a phantom
  4668 | D:4      | Reached XP level 7. HP: 40/44 MP: 7/7
  5713 | D:5      | Entered Level 5 of the Dungeon
  5844 | D:5      | Reached skill level 1 in Shields
  6466 | D:5      | Reached XP level 8. HP: 12/51 MP: 8/8
  6487 | D:5      | HP: 2/51 [poisoned by an orc wizard]
  6492 | D:5      | HP: 1/51 [poisoned by an orc wizard]
  6713 | D:5      | Found the +7 pair of quick blades "Gyre" and "Gimble"
                  | {protect}
  7041 | D:5      | Reached skill level 5 in Dodging
  7188 | D:5      | Found Jifad's Weapon Shoppe.
  7334 | D:5      | Found a runed translucent door.
  7337 | D:5      | Noticed Crazy Yiuf
  7372 | D:5      | Reached skill level 5 in Stealth
  7693 | D:5      | Killed Crazy Yiuf
  8112 | D:6      | Reached XP level 9. HP: 20/56 MP: 9/9
  8472 | D:6      | Found Vetwat's Antique Weapon Emporium.
  8619 | D:6      | Reached **** piety under Trog
  8832 | D:6      | Reached skill level 10 in Short Blades
  8944 | D:6      | Found a blossoming altar of Fedhas.
  9256 | D:7      | Noticed a hornet
  9272 | D:7      | Killed a hornet
  9281 | D:7      | Found a staircase to the Ecumenical Temple.
  9672 | D:7      | Reached XP level 10. HP: 10/64 MP: 10/10
 10638 | D:7      | Identified a scroll of acquirement
 10639 | D:7      | Acquired the ring of Hutt {rPois rF+ Str+4 Dex+5}
 10907 | Temple   | Entered the Ecumenical Temple
 11570 | D:7      | Found Jikaph's General Store.
 11636 | D:8      | Noticed Gastronok
 11652 | D:8      | Killed Gastronok
 11661 | D:8      | Reached skill level 10 in Stealth
 11840 | D:8      | Found an ornate altar of the Wu Jian Council.
 12337 | D:8      | Reached XP level 11. HP: 65/71 MP: 11/11
 12343 | D:8      | Reached skill level 1 in Throwing
 12414 | D:8      | Found a staircase to the Lair.
 12467 | Lair:1   | Entered Level 1 of the Lair of Beasts
 12512 | Lair:1   | Noticed a four-headed hydra
 12522 | Lair:1   | Killed a four-headed hydra
 12524 | Lair:1   | Noticed a six-headed hydra
 12532 | Lair:1   | Killed a six-headed hydra
 12577 | Lair:1   | Found a dark tunnel.
 12742 | Lair:1   | Reached skill level 10 in Fighting
 13767 | Lair:2   | Reached XP level 12. HP: 79/80 MP: 12/12
 13910 | Lair:2   | Reached ***** piety under Trog
 14359 | Lair:2   | Noticed an eight-headed hydra
 14370 | Lair:2   | Killed an eight-headed hydra
 14371 | Lair:2   | Reached skill level 5 in Shields
 14520 | Lair:2   | Found a hole to the Spider Nest.
 14528 | Spider:1 | Entered Level 1 of the Spider Nest
 14559 | Spider:1 | Got a jacinth-encrusted chain mail
 14589 | Spider:1 | Blown up by an orb spider

Illustrated notes

Levels and vault maps discovered:
D:1:      saegor_arrival_simple_d, layout_loops_corners, grunt_decor_cap,
          chequers_big_river, minmay_pentomino_z2
D:2:      layout_basic, yredelemnul_forgotten_temple_becter,
          minmay_misc_feat_room, uniq_jessica
D:3:      layout_basic
D:4:      layout_basic, xom_teletrap_fun, eat_drink_and_be_merry_uskayaw,
          serial_rivers, chequers_serial_rivers_small_a,
          chequers_serial_rivers_room_a, chequers_serial_rivers_small_a,
          chequers_serial_rivers_micro_e, chequers_serial_rivers_micro_e,
          kennysheep_minor_cross
D:5:      layout_basic, serial_shops, shop, uniq_crazy_yiuf_cottage
D:6:      layout_loops_ring, serial_shops, kennysheep_mini,
          grunt_decor_one_mirror, kennysheep_crisscross,
          kennysheep_small_spiral, fedhas_altar_decomposition
D:7:      kennysheep_slugbush, layout_basic, minmay_temple_entry_sparse_star,
          serial_shops, nicolae_shop_crystal, serial_aquarium,
          aquarium_bridge_long_joined [aquarium_subvault_wall,
          aquarium_subvault_balcony, aquarium_subvault_window,
          aquarium_subvault_bridge, aquarium_subvault_bridge,
          aquarium_subvault_bridge], aquarium_window_1, aquarium_window_corner,
          aquarium_view_2c, aquarium_view_2c, aquarium_balcony_double_2,
          aquarium_pool_side
D:8:      layout_rooms, lemuel_round_altar,
          chequers_temple_overflow_statue_of_worship, erik_lair_island,
          gammafunk_ghost_abyssal_escape, wad_floor_pattern_2, uniq_gastronok
Temple:   compressed_dpeg_circular_temple
Lair:1:   layout_cave_pods, nicolae_volcano_entry_hallway, grunt_megastairs_5,
          serial_bayou_shore_a
Lair:2:   layout_regular_city, dummy_spider_entry
Spider:1: layout_spider_delve, uniq_roxanne, uniq_frances, uniq_kirke

Skill      XL: |  1  2  3  4  5  6  7  8  9 10 11 12 |
---------------+-------------------------------------+-----
Fighting       | 4 5 6 7 9 11 | 11.9
Stealth        | 1 2 3 4 5 8 10 12 | 12.7
Short Blades   | 5 6 7 9 10 11 12 | 12.3
Dodging        | 3 4 5 6 7 8 9 |  9.4
Shields        | 1 2 3 4 5 |  5.0
Throwing       | 1 |  1.5
Armour         | |  1.7

Action                   |  1- 3 |  4- 6 |  7- 9 | 10-12 || total
-------------------------+-------+-------+-------+-------++-------
Melee: Short sword       |    98 |   252 |   136 |       ||   486
       Pair of quick bla |       |       |   163 |   348 ||   511
Throw: Throwing net      |       |       |     2 |     3 ||     5
       Boomerang         |       |       |       |     4 ||     4
Invok: Berserk           |     2 |     3 |     2 |     2 ||     9
       Trog's Hand       |       |       |     2 |     2 ||     4
Evoke: Wand              |       |       |       |     2 ||     2
  Use: Scroll            |     1 |     6 |     6 |     9 ||    22
       Potion            |       |     4 |     9 |     3 ||    16
 Stab: Sleeping          |     9 |    10 |     9 |    10 ||    38
       Distracted        |       |       |       |     1 ||     1
Armor: Animal skin       |     9 |       |       |       ||     9
       Leather armour    |     7 |    40 |    37 |     4 ||    88
       Skin              |       |     9 |       |       ||     9
       Troll leather arm |       |       |       |    60 ||    60
Dodge: Dodged            |    60 |   148 |   120 |   178 ||   506
Block: Buckler           |    11 |    39 |    16 |       ||    66
